 Dungeon Crawl Stone Soup version 0.23-a0-565-g3e74e4c (webtiles) character file.

219 mhoghedin the Bolt Thrower (level 6, -2/38 HPs)
             Began as a Kobold Hunter on Dec 13, 2018.
             Slain by a jackal (3 damage)
             ... while paralysed by Ijyb
             ... on level 3 of the Dungeon.
             The game lasted 00:03:07 (1442 turns).

mhoghedin the Bolt Thrower (Kobold Hunter)          Turns: 1442, Time: 00:03:07

Health: -2/38      AC:  4    Str: 11    XL:     6   Next: 18%
Magic:  6/6        EV:  3    Int: 13    God:
Gold:   152        SH:  0    Dex: 15    Spells: 5/5 levels left

rFire    . . .     SeeInvis .   m - +1 whip (elec)
rCold    . . .     Gourm    .   (shield restricted)
rNeg     . . .     Faith    .   c - +0 leather armour
rPois    +         Spirit   .   (no helmet)
rElec    .         Reflect  .   (no cloak)
rCorr    .         Harm     .   p - +0 pair of gloves
MR       .....                  (no boots)
Stlth    ++........             (no amulet)
HPRegen  0.12/turn              i - ring of poison resistance {rPois, !d}
MPRegen  0.10/turn              (no ring)

@: paralysed
A: small, carnivore
a: no special abilities


You were on level 3 of the Dungeon.
You were not hungry.

You visited 1 branch of the dungeon, and saw 3 of its levels.

You collected 152 gold pieces.

Inventory:

Hand Weapons
 a - a +1 hand crossbow
 b - a +0 short sword
 m - a +1 whip of electrocution (weapon)
   (You found it on level 2 of the Dungeon)
Missiles
 d - 41 bolts
Armour
 c - a +0 leather armour (worn)
 p - a +0 pair of gloves (worn)
   (You found it on level 2 of the Dungeon)
Jewellery
 i - a ring of poison resistance (left hand) {rPois, !d}
   (You found it on level 2 of the Dungeon)
Scrolls
 e - a scroll of immolation {unknown}
 j - a scroll of noise {unknown}
 k - a scroll of random uselessness {unknown}
 l - a scroll of teleportation {unknown}
 o - 2 scrolls of remove curse {unknown}
Potions
 g - a potion of cancellation {unknown}
 h - a potion of berserk rage {unknown}
 n - a potion of curing {unknown}
 q - a potion of agility {unknown}


   Skills:
 - Level 3.8 Fighting
 + Level 3.2 Maces & Flails
 - Level 6.0 Crossbows
 - Level 2.4 Dodging
 - Level 1.3 Stealth


You had 5 spell levels left.
You didn't know any spells.
Your spell library was empty.

Dungeon Overview and Level Annotations

Branches:
Dungeon (3/15)

Altars:
Ashenzari
Nemelex Xobeh

Annotations:
D:3 Ijyb


Innate Abilities, Weirdness & Mutations

You are small and have problems with some larger weapons.
You are carnivorous and can eat meat at any time.


Message History

No target in view!
No target in view!
No target in view!
No target in view!
You now have 152 gold pieces (gained 10).
An orc comes into view. It is wielding a +0 hand axe.
An orc is nearby!
An orc is nearby! 2 orcs and an orc priest come into view.
The orc shouts! x2
Found a scroll labeled SOAFIT VIGOA.
Found a shattered altar of Ashenzari.
Found a stone staircase leading up.
The orc shouts!
The orc priest shouts!
You hit the orc.
The orc priest calls upon Beogh to heal the orc.
The orc's wounds heal themselves!
The orc barely misses you.
You hit the orc. Lightning courses through the orc!
You kill the orc!
Ijyb the Twisted Goblin comes into view.
She is carrying a wand of paralysis A rat comes into view.
The orc hits you but does no damage.
A goblin comes into view.
Ijyb shouts!
The rat closely misses you. The orc closely misses you.
There is a stone staircase leading up here.
The goblin shouts!
The rat bites you but does no damage. The orc completely misses you.
You climb upwards.
There is a stone staircase leading down here.
You hit the orc priest but do no damage.
The orc priest completely misses you. The rat misses you.
You whack the orc priest!
Lightning courses through the orc priest!
You kill the orc priest!
Your Maces & Flails skill increases to level 3!
You have reached level 6!
Your experience leads to an increase in your attributes!
Increase (S)trength, (I)ntelligence, or (D)exterity?
You feel stronger. The rat closely misses you.
Health restored: 38; MP restored: 6 You hit the rat.
You kill the rat!
No target in view!
You see here a rat corpse.
You butcher the rat corpse.
f - a chunk of flesh {@w0} You see here a rat skeleton.
You start waiting.
Eating a chunk of flesh {@w0}.
You eat the chunk of flesh {@w0}.
This raw flesh tastes great.
Done waiting.
There is a stone staircase leading down here.
You climb downwards.
Level annotation: Ijyb Ijyb misses you.
The orc closely misses you. x2; Ijyb misses you.
There is a stone staircase leading up here.
You hit the goblin but do no damage. Lightning courses through the goblin!
You kill the goblin!
The orc misses you. The orc completely misses you. Ijyb hits you.
You take 2 damage, and have 36/38 hp.
You hit the orc. The orc hits you with a +0 dagger.
The orc hits you from afar with a +0 trident!
You take 8 damage, and have 28/38 hp.
MASSIVE DAMAGE!!
You hit the orc. The orc misses you.
The orc hits you from afar with a +0 trident!
You take 8 damage, and have 20/38 hp.
MASSIVE DAMAGE!!
Unknown command.
Your leather armour prevents you from hitting the orc.
A jackal comes into view.
The orc hits you but does no damage.
The orc hits you from afar with a +0 trident.
You take 5 damage, and have 15/38 hp.
You barely miss the orc.
The jackal barks!
The orc hits you but does no damage.
A jackal comes into view.
You hit the orc. Lightning courses through the orc!
You kill the orc!
The orc hits you from afar with a +0 trident.
* * * LOW HITPOINT WARNING * * *
A jackal comes into view.
You take 5 damage, and have 10/38 hp.
The jackal barks!
You hit Ijyb but do no damage.
Ijyb zaps a wand.
You suddenly lose the ability to move!
The orc hits you from afar with a +0 trident.
* * * LOW HITPOINT WARNING * * *
Ijyb hits you.
* * * LOW HITPOINT WARNING * * *
The orc hits you but does no damage. Ijyb hits you.
* * * LOW HITPOINT WARNING * * *
The orc hits you from afar with a +0 trident.
* * * LOW HITPOINT WARNING * * *
Ijyb zaps a wand.
You resist with some effort. The jackal bites you.
You die...

..#.#.# <## #.....### ..
###.......### ..
.......$.... .. . .#
.......# .# #.#.#.#
##.).# .# #.#...# #.o..#
.# #.##..# #.#g##
.#####.##..###.#@#
....##.##..##..#hh......
..#.##.##..##.##........
#.#.##.##..#..#####h....
#...##.###.#.## .....
##..##.###...## .?..
#..##........# ...
##..##..♣♣♣♣♣♣..# ...
....##..♣ ♣.#


You could see Ijyb, an orc and 3 jackals.

Vanquished Creatures
  A scorpion (D:2)
  An orc priest (D:2)
  Jessica (D:3)
  A worker ant (D:2)
  4 adders
  An ooze (D:2)
  2 dart slugs (D:1)
  2 leopard geckos (D:2)
  2 orcs (D:3)
  A giant cockroach (D:2)
  10 goblins
  3 hobgoblins
  10 kobolds
  4 bats (D:1)
  3 frilled lizards (D:1)
  9 rats
55 creatures vanquished.

Notes
Turn   | Place    | Note
-------+----------+-------------------------------------------
     0 | D:1      | mhoghedin the Kobold Hunter began the quest for the Orb.
     0 | D:1      | Reached XP level 1. HP: 12/12 MP: 1/1
    71 | D:1      | Reached skill level 5 in Crossbows
    81 | D:1      | Found a sparkling altar of Nemelex Xobeh.
    95 | D:1      | Reached XP level 2. HP: 18/18 MP: 2/2
   199 | D:1      | Reached skill level 3 in Fighting
   199 | D:1      | Reached XP level 3. HP: 23/23 MP: 3/3
   632 | D:2      | Noticed a scorpion
   643 | D:2      | Killed a scorpion
   643 | D:2      | Reached skill level 6 in Crossbows
   643 | D:2      | Reached XP level 4. HP: 23/29 MP: 4/4
   851 | D:2      | Reached skill level 1 in Maces & Flails
   851 | D:2      | Reached XP level 5. HP: 29/33 MP: 5/5
   979 | D:2      | Reached skill level 2 in Maces & Flails
  1233 | D:3      | Noticed Jessica
  1240 | D:3      | Killed Jessica
  1313 | D:3      | Found a shattered altar of Ashenzari.
  1315 | D:3      | Noticed Ijyb
  1321 | D:2      | Reached skill level 3 in Maces & Flails
  1321 | D:2      | Reached XP level 6. HP: 38/38 MP: 6/6
  1439 | D:3      | Paralysed by Ijyb for 7 turns
  1440 | D:3      | HP: 8/38 [Ijyb (2)]
  1441 | D:3      | HP: 1/38 [orc/+0 trident (6)]
  1442 | D:3      | Slain by a jackal

Vault maps used:
D:1:      nzn_arrival_depleted_hourglass, nemelex_xobeh_ov_fountains_minmay
D:2:      minmay_angry_zag
D:3:      ashenzari_altar_1, minmay_misc_feat_rows, minmay_tree_intersection,
          minmay_misc_feat_tiny, nrook_campfire, minmay_misc_feat_rugged,
          uniq_ijyb, uniq_natasha, uniq_jessica

Skill      XL: |  1  2  3  4  5 |
---------------+----------------+-----
Crossbows      | 5 6 |  6.0
Fighting       | 3 |  3.8
Maces & Flails | 1 3 |  3.2
Dodging        | |  2.4
Stealth        | |  1.3

Action                   |  1- 3 |  4- 6 || total
-------------------------+-------+-------++-------
Melee: Whip              |       |    59 ||    59
 Fire: Hand crossbow     |    67 |       ||    67
 Stab: Sleeping          |       |     3 ||     3
  Eat: Ration            |       |     1 ||     1
       Chunk             |       |     1 ||     1
Armor: Leather armour    |     2 |    12 ||    14
Dodge: Dodged            |    16 |    52 ||    68

Table legend:
 A = Non-vault XP
 B = Vault XP
 C = Vault XP percentage of total XP
 D = Non-vault monster count
 E = Vault monster count
 F = Vault count percentage of total count
                 A         B        C        D         E       F
            +---------+---------+-------+---------+---------+-------
      Total |     269 |      45 |  14.3 |      49 |       6 |  10.9
            +---------+---------+-------+---------+---------+-------
        D:1 |      40 |       0 |   0.0 |      24 |       0 |   0.0
        D:2 |     193 |       8 |   4.0 |      19 |       5 |  20.8
        D:3 |      36 |      37 |  50.7 |       6 |       1 |  14.3
            +---------+---------+-------+---------+---------+-------

Vault maps used:
D:1:      nzn_arrival_depleted_hourglass, nemelex_xobeh_ov_fountains_minmay
D:2:      minmay_angry_zag
D:3:      ashenzari_altar_1, minmay_misc_feat_rows, minmay_tree_intersection,
          minmay_misc_feat_tiny, nrook_campfire, minmay_misc_feat_rugged,
          uniq_ijyb, uniq_natasha, uniq_jessica

Table legend:
 A = Turns spent in this place as a percentage of turns spent in the entire game.
 B = Non-inter-level travel turns spent in this place as a percentage of non-inter-level travel turns spent in the entire game.
 C = Inter-level travel turns spent in this place as a percentage of turns spent in this place.
 D = Turns resting spent in this place as a percentage of non-inter-level travel turns spent in this place.
 E = Turns spent auto-exploring this place as a percentage of non-inter-level travel turns spent in this place.
 F = Non-inter-level travel turns spent in this place divided by the number of levels of this place that you've seen.
                   A       B       C       D       E      F
               +-------+-------+-------+-------+-------+----------------------
         Total | 100.0 | 100.0 |   2.6 |  13.7 |  68.9 | 468.0
       Dungeon | 100.0 | 100.0 |   2.6 |  13.7 |  68.9 | 468.0
               +-------+-------+-------+-------+-------+----------------------

Table legend:
 A = Kills in this place as a percentage of kills in entire the game.
 B = Kills by you in this place as a percentage of kills by you in the entire game.
 C = Kills by friends in this place as a percentage of kills by friends in the entire game.
 D = Other kills in this place as a percentage of other kills in the entire game.
 E = Experience gained in this place as a percentage of experience gained in the entire game.
 F = Experience gained in this place divided by the number of levels of this place that you have seen.
                   A       B       C       D       E      F
               +-------+-------+-------+-------+-------+----------------------
         Total | 100.0 | 100.0 |   N/A |   N/A | 100.0 | 104.7
       Dungeon | 100.0 | 100.0 |   N/A |   N/A | 100.0 | 104.7
               +-------+-------+-------+-------+-------+----------------------
